 Dungeon Crawl Stone Soup version 0.24-a0-84-g25a2d9f (webtiles) character file.

Game seed: 7014955068824581924

23621 Blackhawk the Brawler (level 12, -6/109 HPs)
             Began as a Troll Hunter on Feb 7, 2019.
             Was a High Priest of Hepliaklqana.
             Mangled by a catoblepas (8 damage)
             ... while petrified by you
             ... on level 12 of the Dungeon.
             The game lasted 00:29:08 (12317 turns).

Blackhawk the Brawler (Troll Hunter)               Turns: 12317, Time: 00:29:08

Health: -6/109     AC: 10    Str: 31    XL:     12   Next: 73%
Magic:  0/11       EV:  1    Int:  7    God:    Hepliaklqana [*****.]
Gold:   368        SH:  0    Dex: 14    Spells: 11/11 levels left

rFire    . . .     SeeInvis +     - Unarmed
rCold    . . .     Gourm    +   J - +3 large shield
rNeg     + + +     Faith    .   o - +0 acid dragon scales
rPois    ∞         Spirit   +   (helmet restricted)
rElec    .         Reflect  .   F - scarf {Spirit}
rCorr    +         Harm     .   (gloves unavailable)
MR       .....                  (boots unavailable)
Stlth    +.........             C - amulet of the acrobat
HPRegen  0.68/turn              k - +3 ring of strength
MPRegen  0.12/turn              y - ring of see invisible

@: mighty, petrified
A: large, unfitting armour, reduced essence, claws 3, fast metabolism 3,
gourmand, regeneration 1, shaggy fur 1, tough skin 3
a: Recall Ancestor, Ancestor Identity, Transference, Idealise, Renounce Religion


You were on level 12 of the Dungeon.
You worshipped Hepliaklqana.
Hepliaklqana was extremely pleased with you.
You were very full.

You visited 2 branches of the dungeon, and saw 14 of its levels.
You also visited: Sewer.

You collected 815 gold pieces.
You spent 447 gold pieces at shops.

Inventory:

Hand Weapons
 a - a +2 scimitar of flaming
 q - a +6 mace of freezing
Missiles
 c - 14 large rocks (quivered)
 d - 4 throwing nets
Armour
 e - a scarf of cloud immunity
 o - +0 acid dragon scales (worn)
 F - a scarf of spirit shield (worn)
 J - a +3 large shield (worn)
Jewellery
 i - a cursed -5 ring of dexterity {unknown}
 k - a +3 ring of strength (left claw)
 y - a ring of see invisible (right claw)
 C - an amulet of the acrobat (around neck)
 N - an uncursed ring of poison resistance
Wands
 t - a wand of paralysis (10)
 x - a wand of polymorph (7)
 z - a wand of flame (53)
Scrolls
 b - a scroll of fear
 n - a scroll of enchant armour
 r - 4 scrolls of magic mapping
 s - 3 scrolls of remove curse
Potions
 g - 7 potions of curing
 h - a potion of resistance {unknown}
 j - 2 potions of magic
 l - 13 potions of heal wounds
 m - 3 potions of might
 p - 4 potions of degeneration
 u - 5 potions of mutation
 w - 2 potions of berserk rage {unknown}
 A - a potion of haste {unknown}
 D - 5 potions of agility
 E - 4 potions of brilliance
 H - a potion of lignification {unknown}
Comestibles
 f - 27 rations
 v - 11 chunks of flesh


   Skills:
 + Level 8.4 Fighting
 - Level 3.6 Throwing
 - Level 1.5 Dodging
 - Level 0.3 Stealth
 + Level 9.5 Shields
 * Level 15.0 Unarmed Combat


You had 11 spell levels left.
You didn't know any spells.
Your spell library contained the following spells:

 Spells                   Type           Power        Failure   Level  Hunger
 Magic Dart               Conj           #...         88%         1    ##.....
 Shock                    Conj/Air       #...         88%         1    ##.....
 Blink                    Tloc           N/A          95%         2    ###....
 Call Imp                 Summ           #.......     95%         2    ###....
 Slow                     Hex            #.......     95%         2    ###....
 Swiftness                Chrm/Air       #.......     95%         2    ###....
 Conjure Flame            Conj/Fire      #.......     99%         3    ####...
 Mephitic Cloud           Conj/Pois/Air  #.......     99%         3    ####...
 Static Discharge         Conj/Air       #.......     99%         3    ####...
 Airstrike                Air            #.........   100%        4    #####..
 Lightning Bolt           Conj/Air       #.........   100%        5    ######.


Dungeon Overview and Level Annotations

Branches:
Dungeon (13/15)            Temple (0/1) D:5            Lair (1/6) D:8
    Orc (0/2) D:11
 Vaults: D:13-14

Altars:
Cheibriados
Elyvilon
Hepliaklqana
Kikubaaqudgha
Okawaru
Qazlal
Trog
Uskayaw
Wu Jian
Yredelemnul
The Shining One
Jiyva

Shops:
D:5 [   D:6 =   D:8 !   D:11 =


Innate Abilities, Weirdness & Mutations

You are too large for most types of armour.
You have claws for hands.
Your metabolism is lightning-fast.
You like to eat raw meat.
Your natural rate of healing is unusually fast.
You are covered in fur. (AC +1)
You have extremely tough skin. (AC +3)
Your life essence is reduced to manifest your ancestor. (-10% HP)


Message History

The catoblepas is heavily wounded.
You are engulfed in calcifying dust.
The catoblepas gores you but does no damage.
You have turned to stone.
The catoblepas gores you!!
* * * LOW HITPOINT WARNING * * *
The catoblepas gores you!!
* * * LOW HITPOINT WARNING * * *
The catoblepas breathes a plume of calcifying dust at you.
The blast of calcifying dust hits you.
* * * LOW HITPOINT WARNING * * *
The blast of calcifying dust hits Khong Hai.
You are engulfed in calcifying dust.
The catoblepas breathes a plume of calcifying dust at you.
The blast of calcifying dust hits you.
* * * LOW HITPOINT WARNING * * *
The blast of calcifying dust hits Khong Hai.
Some of the chunks of flesh in your inventory have rotted away.
You are engulfed in calcifying dust.
The catoblepas gores you!!
You die...

#.Y###...##§### #############
#..########...### #...........#
.§Y..#..........# #.........#..
.§...#..........# #.........#..
.§...#..........# #.........#..
..Y..#.....§§Y..# #.........#..
#..###...##§##.######.........#'#
#§.###...##.##.##...#........##..
...............Y@R§.#........#...
.......##.#######################
.......#...'..#..#..#..##.'÷.#...
.......#..###.##.##...##..##†..##
.......###..#..#..#..##.#÷.#..##.
.......##..###.##.[.##.#..###....
.......####..#..#.)##.#.....#..##
######.#.#..###...##.#..#..###.#.
##.#.###..#..##.#..#.##..#...


You could see the friendly Khong Hai the hexer and a catoblepas.

Vanquished Creatures
  Azrael (D:12)
  A hydra (D:12)
  A catoblepas (D:12)
  2 two-headed ogres
  2 centaur warriors (D:13)
  3 unseen horrors
  A cyclops (D:12)
  A deep elf mage (D:12)
  An ugly thing (D:12)
  A manticore (D:12)
  Joseph (D:7)
  A centaur skeleton (D:13)
  A gargoyle (D:12)
  A troll (D:10)
  A queen bee (D:11)
  2 hippogriffs
  2 slime creatures (D:12)
  4 wraiths
  2 shadows
  A wyvern (Lair:1)
  Grum (D:10)
  10 yaks
  4 fire elementals (D:12)
  A human (D:9)
  A hungry ghost (D:12)
  4 vampire mosquitoes (D:12)
  An acid dragon (D:12)
  2 hell hounds (D:12)
  A water moccasin (D:9)
  7 orc warriors
  4 ice beasts
  2 sky beasts (D:13)
  3 black bears
  3 eyes of draining
  3 phantoms
  5 ogres
  4 wolves (D:10)
  6 centaurs
  A big kobold (D:8)
  7 bullfrogs
  3 scorpions
  22 killer bees
  12 wights
  3 centaur zombies
  5 howler monkeys
  9 crimson imps
  A quasit (D:9)
  7 hounds
  2 bullfrog skeletons
  4 jellies
  6 orc priests
  9 orc wizards
  Natasha (thrice) (D:3)
  9 worker ants
  2 hexers
  3 hound zombies
  A worker ant zombie (D:9)
  3 gnolls
  A howler monkey skeleton (D:4)
  10 adders
  4 river rats
  4 shadow imps
  An ooze (D:4)
  2 adder skeletons
  3 worms
  A dart slug (D:2)
  4 leopard geckos
  42 orcs
  3 giant cockroaches
  9 goblins
  5 hobgoblins
  2 jackals (D:3)
  6 quokkas
  8 ball pythons
  6 bats
  4 frilled lizards
  A jackal skeleton (D:6)
  27 kobolds
  A quokka zombie (D:6)
  23 rats
371 creatures vanquished.

Vanquished Creatures (collateral kills)
  A two-headed ogre (D:11)
  A hippogriff (D:11)
  A wyvern (D:12)
  2 yaks
  An orc warrior (D:11)
  A black bear (D:6)
  A wyvern zombie (D:9)
  5 killer bees
  2 scorpions
  2 bullfrog zombies
  2 orc priests
  4 orc wizards
  A gnoll (D:5)
  An adder zombie (D:6)
  An adder skeleton (D:5)
  A leopard gecko (D:8)
  4 orcs
  A giant cockroach (D:5)
  2 goblins
  A hobgoblin (D:3)
  A quokka (D:8)
  2 kobolds (D:8)
  6 rats (Sewer)
44 creatures vanquished.

Vanquished Creatures (others)
  A human (D:13)
  An orc wizard (D:12)
  4 hexers
  2 ancestors (D:4)
8 creatures vanquished.

Grand Total: 423 creatures vanquished

Notes
Turn   | Place    | Note
-------+----------+-------------------------------------------
     0 | D:1      | Blackhawk the Troll Hunter began the quest for the Orb.
     0 | D:1      | Reached XP level 1. HP: 19/19 MP: 0/0
   176 | D:1      | Reached skill level 1 in Unarmed Combat
   347 | D:1      | Reached XP level 2. HP: 27/27 MP: 1/1
   483 | D:1      | Reached skill level 2 in Unarmed Combat
   965 | D:2      | Found an ancient bone altar of Kikubaaqudgha.
  1049 | D:2      | Reached XP level 3. HP: 33/33 MP: 2/2
  1086 | D:2      | Reached skill level 3 in Unarmed Combat
  1344 | D:2      | Found a hazy altar of Hepliaklqana.
  1346 | D:2      | Found a snail-covered altar of Cheibriados.
  1358 | D:2      | Became a worshipper of Hepliaklqana the Forgotten
  1704 | D:3      | Reached XP level 4. HP: 36/36 MP: 3/3
  1786 | D:3      | Found an ornate altar of the Wu Jian Council.
  1975 | D:3      | Noticed Natasha
  1986 | D:3      | Killed Natasha
  1986 | D:3      | Reached skill level 1 in Shields
  2031 | D:3      | Noticed Natasha
  2037 | D:3      | Killed Natasha
  2037 | D:3      | Reached skill level 4 in Unarmed Combat
  2056 | D:3      | Noticed Natasha
  2060 | D:3      | Killed Natasha
  2060 | D:3      | Reached XP level 5. HP: 43/43 MP: 4/4
  2317 | D:4      | Noticed an ogre
  2393 | D:4      | Noticed an ogre
  2505 | D:4      | Reached skill level 5 in Unarmed Combat
  2542 | D:3      | Reached XP level 6. HP: 34/49 MP: 2/5
  2625 | D:4      | Reached * piety under Hepliaklqana
  2720 | D:4      | Noticed a +0 dagger
  2721 | D:4      | Noticed a +0 hand axe
  2723 | D:4      | Found a hide-covered altar of Uskayaw.
  3015 | D:5      | Entered Level 5 of the Dungeon
  3015 | D:5      | Found Wyehaph's Antique Armour Boutique.
  3222 | D:5      | Reached skill level 6 in Unarmed Combat
  3228 | D:5      | Reached XP level 7. HP: 52/55 MP: 6/6
  3382 | D:5      | Found a staircase to the Ecumenical Temple.
  3431 | D:5      | Found a glowing golden altar of the Shining One.
  3563 | D:5      | Found a glowing drain.
  3568 | Sewer    | Entered a sewer
  3572 | Sewer    | Reached ** piety under Hepliaklqana
  3573 | Sewer    | Remembered your ancestor Khong Hai as a hexer
  4159 | D:6      | Found Faxiro's Jewellery Emporium.
  4234 | D:6      | Reached skill level 7 in Unarmed Combat
  4343 | D:6      | Reached XP level 8. HP: 62/63 MP: 7/7
  4677 | D:6      | Found a basalt altar of Yredelemnul.
  4677 | D:6      | Found a white marble altar of Elyvilon.
  4681 | D:6      | Found a bloodstained altar of Trog.
  4681 | D:6      | Found a stormy altar of Qazlal.
  4682 | D:6      | Reached *** piety under Hepliaklqana
  4903 | D:7      | Reached skill level 8 in Unarmed Combat
  5195 | D:7      | Noticed Joseph
  5215 | D:7      | Killed Joseph
  5215 | D:7      | Reached skill level 5 in Shields
  5509 | D:7      | Reached skill level 9 in Unarmed Combat
  5669 | D:8      | Noticed a hippogriff
  5701 | D:8      | Found a staircase to the Lair.
  5768 | D:8      | Found Ymyptan's Distillery.
  5855 | D:8      | Reached XP level 9. HP: 68/72 MP: 6/8
  5879 | D:8      | Reached **** piety under Hepliaklqana
  6728 | D:5      | Bought a glowing large shield for 187 gold pieces
  6839 | D:9      | Reached skill level 10 in Unarmed Combat
  7151 | D:9      | Found an iron altar of Okawaru.
  7401 | D:9      | Reached XP level 10. HP: 72/84 MP: 7/9
  7502 | D:9      | Reached ***** piety under Hepliaklqana
  7677 | D:9      | Reached skill level 11 in Unarmed Combat
  7997 | D:10     | Entered Level 10 of the Dungeon
  8067 | D:9      | Reached skill level 5 in Fighting
  8506 | D:10     | Noticed Grum
  8518 | D:10     | Killed Grum
  8770 | D:11     | Reached skill level 12 in Unarmed Combat
  9002 | D:11     | Noticed an unseen horror
  9002 | D:11     | Noticed an unseen horror
  9008 | D:11     | Reached XP level 11. HP: 93/94 MP: 6/10
  9015 | D:11     | Killed an unseen horror
  9028 | D:11     | Killed an unseen horror
  9056 | D:11     | Noticed a two-headed ogre
  9068 | D:11     | Killed a two-headed ogre
  9263 | D:11     | Found a staircase to the Orcish Mines.
  9476 | D:11     | Found Juitowk's Jewellery Boutique.
  9644 | D:11     | Bought an uncursed ring of poison resistance for 260 gold
                  | pieces
  9756 | Lair:1   | Entered Level 1 of the Lair of Beasts
  9985 | Lair:1   | Noticed a five-headed hydra
 10162 | D:12     | Found a viscous altar of Jiyva.
 10170 | D:12     | Reached skill level 13 in Unarmed Combat
 10221 | D:12     | Noticed a two-headed ogre
 10225 | D:12     | Killed a two-headed ogre
 10275 | D:12     | Noticed a deep elf mage
 10300 | D:12     | Killed a deep elf mage
 10534 | D:12     | Noticed a two-headed ogre
 10559 | D:11     | Killed a two-headed ogre
 10847 | D:12     | Noticed Azrael
 11143 | D:12     | Noticed a green ugly thing
 11158 | D:12     | Killed a green ugly thing
 11158 | D:12     | Reached XP level 12. HP: 96/106 MP: 11/11
 11174 | D:12     | Reached skill level 14 in Unarmed Combat
 11304 | D:12     | Noticed a five-headed hydra
 11319 | D:12     | Killed a six-headed hydra
 11755 | D:12     | Killed Azrael
 11978 | D:13     | Noticed a centaur warrior
 11987 | D:13     | Killed a centaur warrior
 11996 | D:13     | Noticed a centaur warrior
 12004 | D:13     | Killed a centaur warrior
 12226 | D:13     | Noticed a catoblepas
 12228 | D:13     | Noticed a catoblepas
 12309 | D:12     | Killed a catoblepas
 12309 | D:12     | Reached skill level 15 in Unarmed Combat
 12314 | D:12     | HP: 4/109 [catoblepas (12)]
 12317 | D:12     | Mangled by a catoblepas

Levels and vault maps discovered:

Skill      XL: |  1  2  3  4  5  6  7  8  9 10 11 12 |
---------------+-------------------------------------+-----
Unarmed Combat | 1 2 3 4 5 6 7 9 10 12 13 15 | 15.0
Shields        | 1 2 3 4 5 6 7 8 9 |  9.5
Fighting       | 3 4 6 7 8 |  8.4
Throwing       | |  3.6
Dodging        | |  1.5
Stealth        | |  0.3

Action                   |  1- 3 |  4- 6 |  7- 9 | 10-12 || total
-------------------------+-------+-------+-------+-------++-------
Melee: Short sword       |    36 |       |       |       ||    36
       Unarmed           |   115 |   105 |   344 |   576 ||  1140
       Mace              |       |       |       |    15 ||    15
Invok: Ancestor Identity |     1 |       |       |       ||     1
       Recall Ancestor   |       |     2 |       |     3 ||     5
       Ancestor Life: He |       |       |     1 |       ||     1
  Use: Scroll            |       |       |    12 |    13 ||    25
       Potion            |       |       |       |     2 ||     2
 Stab: Sleeping          |     1 |     1 |     2 |     3 ||     7
       Distracted        |       |       |     3 |     5 ||     8
       Confused          |       |       |     1 |     4 ||     5
  Eat: Chunk             |    21 |    14 |    39 |    44 ||   118
Armor: Robe              |    74 |    22 |    62 |    10 ||   168
       Troll leather arm |       |       |       |    38 ||    38
       Acid dragon scale |       |       |       |    60 ||    60
Dodge: Dodged            |    83 |    24 |   100 |   145 ||   352
Block: Shield            |    10 |    46 |   115 |       ||   171
       Large shield      |       |       |    55 |   577 ||   632

Table legend:
 A = Non-vault XP
 B = Vault XP
 C = Vault XP percentage of total XP
 D = Non-vault monster count
 E = Vault monster count
 F = Vault count percentage of total count
                 A         B        C        D         E       F
            +---------+---------+-------+---------+---------+-------
      Total |   23086 |   10659 |  31.6 |     306 |     107 |  25.9
            +---------+---------+-------+---------+---------+-------
        D:1 |      25 |       0 |   0.0 |      16 |       0 |   0.0
        D:2 |      37 |       0 |   0.0 |      13 |       0 |   0.0
        D:3 |     191 |      35 |  15.5 |      25 |       1 |   3.8
        D:4 |     332 |       0 |   0.0 |      18 |       0 |   0.0
        D:5 |     292 |      15 |   4.9 |      13 |       3 |  18.8
        D:6 |     642 |       0 |   0.0 |      10 |       0 |   0.0
        D:7 |     568 |     439 |  43.6 |      15 |       1 |   6.2
        D:8 |    1512 |       0 |   0.0 |      42 |       0 |   0.0
        D:9 |    2771 |     196 |   6.6 |      48 |       3 |   5.9
       D:10 |    1253 |     671 |  34.9 |      13 |       5 |  27.8
       D:11 |    5287 |    1346 |  20.3 |      30 |      18 |  37.5
       D:12 |    5421 |    7832 |  59.1 |      37 |      28 |  43.1
       D:13 |    4460 |       0 |   0.0 |      24 |       0 |   0.0
     Lair:1 |     295 |       0 |   0.0 |       2 |       0 |   0.0
      Sewer |       0 |     125 | 100.0 |       0 |      48 | 100.0
            +---------+---------+-------+---------+---------+-------
